 Dungeon Crawl Stone Soup version 0.31-a0-1308-ga3cce3a448 (webtiles) character file.

Game seed: 4528524403034195125

3224 IdlyInterested the Mimic (level 9, -7/65 (67) HPs)
             Began as a Demonspawn Fighter on Dec 19, 2023.
             Killed from afar by Pikel (13 damage)
             ... with an iceblast
             ... on level 7 of the Dungeon.
             The game lasted 00:21:13 (6648 turns).

IdlyInterested the Mimic (Demonspawn Fighter)       Turns: 6648, Time: 00:21:14

HP:   -7/65 (67)    AC:  3    Str: 17    XL:     9   Next: 66%
MP:   9/9           EV: 20    Int:  8    God:
Gold: 405           SH:  4    Dex: 17    Spells: 8/8 levels left

rFire   . .          .
                       - Unarmed
rCold   . . .        (shield currently unavailable)
rNeg    + . .        K - +0 plate armour
rPois   .            b - +0 helmet
rElec   .            (no cloak)
rCorr   +            (gloves currently unavailable)
SInv    .            (no boots)
Will    .....        g - amulet of the acrobat Stlth
                     y - ring of resist corrosion
HPRegen 0.30/turn    D - ring of positive energy
MPRegen 0.11/turn

%: acrobat
@: blade hands, acrobatic, lightly drained
A: (claws 1), large bone plates 1, demonic guardian 2, foul stench 2
a: Begin Untransformation


You were on level 7 of the Dungeon.
You had blades for hands.
You visited 2 branches of the dungeon, and saw 8 of its levels.

You collected 405 gold pieces.

Inventory:

Hand Weapons
 a - a +0 long sword
 m - a +3 vampiric dagger
 A - a +0 spear of flaming
 L - the +11 flail of Ancient Evil {venom, rElec rF+ Will- Str+4}
   (You found it on level 6 of the Dungeon)

   Str+4:     It affects your strength (+4).
   rF+:       It protects you from fire.
   rElec:     It insulates you from electricity.
   Will-:     It decreases your willpower.
Missiles
 l - 66 stones
 q - 9 poisoned darts
 E - 3 boomerangs
Armour
 b - a +0 helmet (worn)
 c - a +0 buckler
 C - a +0 tower shield
 K - a +0 plate armour (worn)
Jewellery
 g - an amulet of the acrobat (around neck)
 y - a ring of resist corrosion (left blade hand)
 D - a ring of positive energy (right blade hand)
 G - a ring of magical power
Talismans
 n - a blade talisman (active)
 s - a flux talisman
Wands
 i - a wand of iceblast (11)
 r - a wand of flame (39)
 u - a wand of paralysis (8)
Scrolls
 e - a scroll of amnesia
 f - a scroll of immolation
 k - 3 scrolls of teleportation
 o - a scroll of torment
 t - a scroll of brand weapon
 v - 2 scrolls of revelation
 w - 2 scrolls of blinking
 x - a scroll of enchant armour
 I - a scroll of vulnerability
 J - 4 scrolls of identify
Potions
 d - 3 potions of might
 h - a potion of heal wounds
 j - a potion of lignification
 p - 3 potions of haste
 z - 2 potions of attraction
 B - 3 potions of curing
 F - 2 potions of ambrosia
 H - a potion of mutation


   Skills:
 - Level 4.9 Fighting
 - Level 3.0 Long Blades
 - Level 1.0 Throwing
 - Level 3.0 Armour
 - Level 1.0 Dodging
 - Level 2.0 Stealth
 - Level 2.6 Shields
 * Level 5.8 Unarmed Combat
 - Level 1.0 Evocations
 + Level 11.3 Shapeshifting


You had 8 spell levels left.
You didn't know any spells.
Your spell library contained the following spells:

 Spells                   Type           Power      Damage    Failure   Level
 Ensorcelled Hibernation  Hex/Ice        0%         N/A       100%        2
 Jinxbite                 Hex            0%         N/A       100%        2
 Scorch                   Fire           0%         2d5       100%        2
 Stone Arrow              Conj/Erth      0%         3d7       100%        3
 Anguish                  Hex/Necr       0%         N/A       100%        4
 Animate Armour           Summ/Erth      0%         N/A       100%        4
 Flame Wave               Conj/Fire      0%         2d4       100%        4
 Summon Forest            Summ/Tloc      0%         N/A       100%        5
 Eringya's Noxious Bog    Tmut/Pois      0%         4d6       100%        6
 Summon Cactus Giant      Summ           0%         N/A       100%        6
 Summon Hydra             Summ           0%         N/A       100%        7
 Lehudib's Crystal Spear  Conj/Erth      0%         10d2      100%        8


Dungeon Overview and Level Annotations

Branches:
Dungeon (7/15)             Temple (1/1) D:5

Altars:
Cheibriados
Dithmenos
Fedhas
Gozag
Hepliaklqana
Kikubaaqudgha
Nemelex Xobeh
Qazlal
Sif Muna
Trog
Uskayaw
Wu Jian
Xom
Yredelemnul

Annotations:
D:7 Pikel


Innate Abilities, Weirdness & Mutations

You have blades for hands.
You are incapable of wielding weapons or throwing items.
((You have sharp fingernails.))
You are partially covered in large bone plates. (SH +4)
A demonic guardian rushes to your aid.
You sometimes emit foul miasma when damaged in melee.


Message History

You slice the lemure!!
You kill the lemure!
That felt strangely unrewarding.
You hear a shout!
Pikel, Merchant of Souls comes into view.
He is wielding a +2 whip of freezing and carrying a wand of iceblast.
Pikel zaps a wand.
The mass of ice explodes!
The iceblast engulfs you! The black bear completely misses you.
The black bear claws you.
You emit a cloud of foul miasma!
The black bear barely misses you. Pikel hits you but does no damage.
You barely miss Pikel.
The black bear is engulfed in dark miasma.
The black bear is poisoned.
The black bear bites you.
The black bear claws you but does no damage.
The black bear claws you.
Pikel hits you with a +2 whip of freezing.
Pikel freezes you.
You slash Pikel!
Pikel is lightly wounded.
The black bear is engulfed in dark miasma.
The black bear looks even sicker.
The black bear bites you. The black bear claws you.
* * * LOW HITPOINT WARNING * * *
The black bear barely misses you.
Pikel hits you with a +2 whip of freezing!
* * * LOW HITPOINT WARNING * * *
A demonic guardian appears!
Pikel freezes you.
* * * LOW HITPOINT WARNING * * *
You emit a cloud of foul miasma!
Pikel is engulfed in dark miasma.
Pikel is poisoned.
Pikel says, "Hell isn't that bad."
The black bear is engulfed in dark miasma.
The black bear looks even sicker.
The black bear seems to slow down.
The black bear is no longer moving slowly.
Your rust devil hits Pikel.
Your rust devil corrodes Pikel!
The black bear is engulfed in dark miasma.
The black bear looks as sick as possible!
You kill the black bear!
Pikel zaps a wand.
The mass of ice explodes!
The iceblast engulfs you!
You die...
Pikel says, "See you in Hell!"

### #.## ####..#
###.....#
###.......## ##.
#..........# ###....
##..........#
####○...#
#...........####4K.☼#
#..............@.####
#..............###
##.......##.####
#########..# #..##
##.## # ##..# ##
#..## .## ###..###


You could see Pikel (poisoned, corroded) and a friendly rust devil (summoned).

Vanquished Creatures
  Grinder (D:5)
  Sigmund (D:5)
  A human (D:3)
  An orc warrior (D:6)
  An ice beast (D:6)
  A black bear (D:7)
  2 ogres (D:5)
  2 centaurs (D:6)
  2 lemures (D:7)
  2 phantoms
  A kobold brigand (D:5)
  2 scorpions (D:4)
  4 wights (D:6)
  A howler monkey (D:4)
  4 hounds
  A jelly (D:5)
  2 orc priests
  Natasha (D:2)
  2 iguanas (D:6)
  5 orc wizards
  Robin (D:4)
  6 adders
  3 gnolls (D:3)
  A white imp (D:5)
  2 ufetubi (D:6)
  2 worms
  2 dart slugs
  13 orcs
  5 endoplasms
  2 giant cockroaches
  9 goblins
  9 hobgoblins
  2 jackals (D:5)
  2 quokkas
  2 ball pythons
  A bat (D:1)
  2 frilled lizards
  19 kobolds
  2 rats (D:2)
122 creatures vanquished.

Vanquished Creatures (collateral kills)
  A scorpion (D:5)
  A wight (D:6)
  A hound (D:6)
  A gnoll bouda (D:4)
  Ijyb (D:4)
  Natasha (twice) (D:2)
  5 gnolls (D:4)
  An adder (D:3)
  A dart slug (D:4)
  An orc (D:4)
  A ball python (D:3)
  5 goblins (D:4)
  3 hobgoblins (D:4)
24 creatures vanquished.

Grand Total: 146 creatures vanquished

Notes
Turn   | Place    | Note
-------+----------+-------------------------------------------
     0 | D:1      | IdlyInterested the Demonspawn Fighter began the quest for
                  | the Orb.
     0 | D:1      | Reached XP level 1. HP: 18/18 MP: 1/1
   341 | D:1      | Gained mutation: A weak demonic guardian rushes to your
                  | aid. [demonic ancestry]
   341 | D:1      | Reached XP level 2. HP: 19/24 MP: 2/2
   934 | D:2      | Gained mutation: A demonic guardian rushes to your aid.
                  | [demonic ancestry]
   934 | D:2      | Reached XP level 3. HP: 27/29 MP: 3/3
   967 | D:2      | Noticed Natasha
   986 | D:2      | Killed Natasha
   987 | D:2      | Reached skill level 1 in Throwing
   987 | D:2      | Reached skill level 1 in Dodging
  1315 | D:2      | Noticed Natasha
  1321 | D:2      | Killed Natasha
  1322 | D:2      | Reached skill level 1 in Stealth
  1322 | D:2      | Reached XP level 4. HP: 5/35 MP: 4/4
  1379 | D:2      | Noticed Natasha
  1384 | D:2      | Killed Natasha
  1385 | D:2      | Reached skill level 1 in Evocations
  1607 | D:3      | Found a runed translucent door.
  1607 | D:3      | Noticed a human
  1612 | D:3      | Found a basalt altar of Yredelemnul.
  1623 | D:3      | Killed a human
  1624 | D:3      | Gained mutation: You may rarely emit foul miasma when
                  | damaged in melee. [demonic ancestry]
  1624 | D:3      | Reached XP level 5. HP: 35/43 MP: 5/5
  1693 | D:3      | Gained mutation: You have sharp fingernails. [demonic
                  | ancestry]
  1693 | D:3      | Reached XP level 6. HP: 43/50 MP: 6/6
  1877 | D:3      | Found a stormy altar of Qazlal.
  1877 | D:3      | Found an opulent altar of Gozag.
  1966 | D:3      | Reached skill level 1 in Unarmed Combat
  2700 | D:3      | Found a blossoming altar of Fedhas.
  2766 | D:4      | Noticed Robin
  2771 | D:4      | Reached skill level 1 in Shapeshifting
  2803 | D:4      | Killed Robin
  3052 | D:4      | Reached skill level 2 in Shapeshifting
  3095 | D:4      | Gained mutation: You sometimes emit foul miasma when
                  | damaged in melee. [demonic ancestry]
  3095 | D:4      | Reached XP level 7. HP: 6/55 MP: 7/7
  3116 | D:4      | Noticed Ijyb
  3132 | D:4      | Killed Ijyb
  3729 | D:4      | Reached skill level 3 in Shapeshifting
  3795 | D:4      | Reached skill level 10 in Shapeshifting
  3795 | D:4      | Reached XP level 8. HP: 61/61 MP: 8/8
  3845 | D:5      | Entered Level 5 of the Dungeon
  4421 | D:5      | Found a staircase to the Ecumenical Temple.
  4484 | D:5      | Noticed Grinder
  4497 | D:5      | Killed Grinder
  4498 | D:5      | Reached skill level 11 in Shapeshifting
  4498 | D:5      | Gained mutation: You are partially covered in large bone
                  | plates. (SH +4) [demonic ancestry]
  4498 | D:5      | Reached XP level 9. HP: 49/67 MP: 9/9
  4524 | Temple   | Entered the Ecumenical Temple
  4718 | D:5      | Noticed Sigmund
  4728 | D:5      | Killed Sigmund
  5639 | D:6      | Reached skill level 5 in Unarmed Combat
  5982 | D:6      | Identified the +11 flail of Ancient Evil {venom, rElec rF+
                  | Will- Str+4}
  6079 | D:6      | Found a hide-covered altar of Uskayaw.
  6119 | D:6      | HP: 3/66 [wight/+0 long sword (4)]
  6124 | D:6      | HP: 3/65 [wight/+0 long sword (4)]
  6641 | D:7      | Noticed Pikel
  6648 | D:7      | Killed from afar by Pikel

Illustrated notes

Levels and vault maps discovered:
D:1:      elethiomel_arrival_shortcut, layout_basic, serial_forest,
          infiniplex_forest_clump_curved, infiniplex_forest_lined_2,
          infiniplex_forest_end_3, infiniplex_forest_clump_cross,
          infiniplex_forest_side_room, infiniplex_forest_straight_4
D:2:      layout_basic, uniq_natasha
D:3:      layout_loops_ring, dk_yredelemnul_ordeal,
          nicolae_overflow_hidden_temple, nicolae_overflow_squiral
D:4:      layout_rooms, nicolae_letterblocks [nicolae_letter_subblock,
          nicolae_letter_subblock, nicolae_letter_subblock,
          nicolae_letter_subblock, nicolae_letter_subblock,
          nicolae_letter_subblock, nicolae_letter_subblock,
          nicolae_letter_subblock, nicolae_letter_subblock,
          nicolae_letter_subblock, nicolae_letter_subblock,
          nicolae_letter_subblock, nicolae_letter_subblock,
          nicolae_letter_subblock, nicolae_letter_subblock,
          nicolae_letter_subblock, nicolae_letter_subblock,
          nicolae_letter_subblock, nicolae_letter_subblock,
          nicolae_letter_subblock, nicolae_letter_subblock,
          nicolae_letter_subblock, nicolae_letter_subblock,
          nicolae_letter_subblock, nicolae_letter_subblock], uniq_ijyb,
          uniq_robin
D:5:      cheibrodos_thug_alley, layout_basic, temple_pool_b, uniq_sigmund,
          uniq_grinder
D:6:      layout_cave_pools, nicolae_uskayaw_murder_on_the_dancefloor
D:7:      layout_cave_pods, lemuel_crystal_altar, nicolae_ashenzari_skybound,
          zin_treasury, biasface_ghost_orc_armoury, uniq_pikel
Temple:   jpeg_temple_clearing

Skill      XL: |  1  2  3  4  5  6  7  8  9 |
---------------+----------------------------+-----
Long Blades    | 2 3 |  3.0
Armour         | 3 |  3.0
Throwing       | 1 |  1.0
Dodging        | 1 |  1.0
Stealth        | 1 2 |  2.0
Evocations     | 1 |  1.0
Fighting       | 4 |  4.9
Unarmed Combat | 2 3 4 5 |  5.8
Shapeshifting  | 2 10 11 | 11.3
Shields        | |  2.6

Action                     |  1- 3 |  4- 6 |  7- 9 || total
---------------------------+-------+-------+-------++-------
  Melee: Long sword        |    79 |   111 |       ||   190
         Unarmed           |       |    53 |   197 ||   250
         Punch             |       |     2 |     7 ||     9
    Use: Potion            |     1 |     4 |     6 ||    11
         Scroll            |       |     3 |     8 ||    11
 Armour: Scale mail        |    68 |   149 |    65 ||   282
         Chain mail        |       |       |    39 ||    39
         Plate armour      |       |       |    34 ||    34
  Dodge: Dodged            |    40 |    84 |   112 ||   236
  Block: Buckler           |    20 |     1 |       ||    21
         Other             |       |       |     8 ||     8
   Form: Blade             |       |       |     2 ||     2
         Flux              |       |       |     1 ||     1

Table legend: (Time is in decaauts)
 A = Elapsed time spent in this place.
 B = Non-inter-level travel time spent in this place.
 C = Inter-level travel time spent in this place.
 D = Time resting spent in this place.
 E = Time spent auto-exploring this place.
 F = Levels seen in this place.
 G = Mean time per level.
                   A        B        C        D        E       F      G
               +--------+--------+--------+--------+--------+-----+--------+
         Total |   6688 |   6286 |    402 |   1534 |   3256 |   8 |  836.0 |
       Dungeon |   6654 |   6252 |    402 |   1534 |   3227 |   7 |  950.6 |
        Temple |     33 |     33 |      0 |      0 |     29 |   1 |   33.0 |
               +--------+--------+--------+--------+--------+-----+--------+

Top non-repeatable levels by time:
     D:5: 1607 daAuts
     D:3: 1213 daAuts
     D:4: 1104 daAuts
     D:6: 965 daAuts
     D:2: 864 daAuts
     D:1: 734 daAuts
     D:7: 165 daAuts
  Temple: 33 daAuts
